 Dungeon Crawl Stone Soup version 0.30-b1-2-g02819fbbbe (webtiles) character file.

Game seed: 14259774256381465574

3000 Flugkiller the Fighter (level 9, -7/90 HPs)
             Began as a Gargoyle Fighter on May 13, 2023.
             Was a Follower of the Shining One.
             Mangled by a profane servitor
             ... wielding a +3 whip
              (12 damage)
             ... on level 1 of the Abyss.
             The game lasted 00:07:05 (5925 turns).

Flugkiller the Fighter (Gargoyle Fighter)           Turns: 5925, Time: 00:07:06

Health: -7/90      AC: 24    Str: 23    XL:     9   Next: 84%
Magic:  13/13      EV:  2    Int: 10    God:    the Shining One [*.....]
Gold:   353        SH:  5    Dex:  9    Spells: 8/8 levels left

rFire   . . .        w - +3 trident (freeze)
rCold   . . .        c - +0 buckler
rNeg    + . .        b - melded +0 scale mail
rPois   ∞            (helmet currently unavailable)
rElec   .            (cloak currently unavailable)
rCorr   .            o - melded +0 pair of gloves
SInv    .            n - melded +0 pair of boots
Will    .....        (no amulet)
Stlth   +            (no ring)
HPRegen 0.35/turn    (no ring)
MPRegen 0.13/turn

%: no passive effects
@: tree-form
A: stationary, stasis, torment immunity, boosted hp, sickness immunity, AC +6,
negative energy resistance 1, (electricity resistance), torment resistance 1,
petrification resistance
a: Renounce Religion, Divine Shield


You were on level 1 of the Abyss.
You worshipped the Shining One.
The Shining One was aware of your devotion.
You were a tree.
You visited 2 branches of the dungeon, and saw 8 of its levels.
You visited the Abyss 1 time.
You also visited: Sewer.

You collected 353 gold pieces.

Inventory:

Hand Weapons
 a - a +0 war axe
 w - a +3 trident of freezing (weapon)
   (You took it off a wight on level 5 of the Dungeon)
Missiles
 h - 5 boomerangs (quivered)
 m - a throwing net
 p - 8 silver boomerangs
Armour
 b - a +0 scale mail (melded)
 c - a +0 buckler (worn)
 n - a +0 pair of boots (melded)
   (You found it in a sewer)
 o - a +0 pair of gloves (melded)
   (You found it in a sewer)
Scrolls
 k - a scroll of fog
 s - a scroll of poison
 t - a scroll of teleportation
 u - a scroll of vulnerability
Potions
 d - a potion of might
 e - 2 potions of invisibility
 i - a potion of resistance {unknown}
 j - 3 potions of cancellation
 l - 2 potions of brilliance
 q - 3 potions of curing
 v - a potion of heal wounds {unknown}


   Skills:
 * Level 8.5 Fighting
 * Level 6.7 Axes
 + Level 6.3 Armour
 + Level 6.3 Shields
 * Level 5.5 Invocations


You had 8 spell levels left.
You didn't know any spells.
Your spell library contained the following spells:

 Spells                   Type           Power      Damage    Failure   Level
 Beastly Appendage        Tmut           0%         N/A       41%         1
 Wereblood                Tmut           0%         N/A       56%         2
 Spider Form              Tmut/Pois      0%         N/A       80%         3


Dungeon Overview and Level Annotations

Branches:
Dungeon (7/15) Zot: 26719  Temple (1/1) D:4 Zot: 5967   Sewer (visited)

Altars:
Ashenzari
Cheibriados
Dithmenos
Elyvilon
Fedhas
Hepliaklqana
Kikubaaqudgha
Makhleb
Okawaru
Qazlal
Ru
Trog
Uskayaw
Vehumet
Wu Jian
Xom
Yredelemnul
Zin
The Shining One

Annotations:
Temple 2 transporters


Innate Abilities, Weirdness & Mutations

You are a tree.
Your roots penetrate the ground, keeping you stationary.
You cannot be teleported.
You are immune to unholy pain and torment.
Your maximum health is greatly increased.
Your equipment is partially melded.
You are immune to sickness and miasma.
((Your stone body is resilient. (AC +6)))
You are immune to poison.
You resist negative energy. (rN+)
((You are resistant to electric shocks. (rElec)))
You are resistant to unholy torment.
You are immune to petrification.


Message History

a +0 mace; an orc corpse
Found a scroll of identify.
Found a stone staircase leading up.
u - a scroll labelled OBBOCA IJUGYC You hear the hiss of a very distant avalanche of sand.
r - a scroll of identify;
w - a +3 trident of freezing (weapon)
As you read the scroll of identify, it crumbles to dust.
u - a scroll of vulnerability You open the door. 2 wights come into view.
A wight is wielding a +2 long sword of distortion.
The wight moves out of view.
There is an open door here.
You reach to attack!
You hit the wight.
The wight is moderately damaged.
You barely miss the wight.
The wight is moderately damaged.
The wight barely misses you.
You completely miss the wight.
The wight is moderately damaged.
The wight barely misses you.
You aren't carrying any items that you can evoke.
Unknown command.
It was a potion of magic.
Magic courses through your body.
It was a potion of lignification.
You turn into a tree.
Your +0 pair of gloves melds into your body.
Your +0 pair of boots melds into your body.
Your +0 scale mail melds into your body.
Your roots penetrate the ground.
Unknown command.
You hit the wight.
The wight is lightly damaged.
The wight hits you but does no damage.
You are cast into the Abyss!
This branch contains the abyssal rune of Zot.
Unknown command.
You cannot move.
You cannot move.
You cannot move.
You swing at nothing.
You swing at nothing.
You swing at nothing.
You swing at nothing.
You swing at nothing.
You swing at nothing.
You swing at nothing.
You swing at nothing.
You swing at nothing.
You swing at nothing.
You swing at nothing.
You swing at nothing.
You swing at nothing.
The profane servitor hits you but does no damage. x2
You swing at nothing.
The profane servitor hits you with a +3 whip!
The profane servitor hits you but does no damage.
You block the profane servitor's attack.
The profane servitor hits you but does no damage.
You swing at nothing.
The profane servitor hits you with a +3 whip!
You block the profane servitor's attack.
The profane servitor hits you with a +3 whip.
You block the profane servitor's attack.
You swing at nothing.
The profane servitor hits you but does no damage. x2
You swing at nothing.
The profane servitor hits you with a +3 whip!
The profane servitor barely misses you.
The profane servitor hits you but does no damage.
You block the profane servitor's attack.
Unknown command.
You puncture the profane servitor!
The profane servitor is lightly damaged.
You block the profane servitor's attack. x2
The profane servitor hits you with a +3 whip.
The profane servitor hits you with a +3 whip!
You miss the profane servitor.
The profane servitor is lightly damaged.
The profane servitor hits you but does no damage. x2
The profane servitor hits you with a +3 whip!
* * * LOW HITPOINT WARNING * * *
The profane servitor hits you but does no damage.
You miss the profane servitor.
The profane servitor is lightly damaged.
The profane servitor hits you but does no damage.
You block the profane servitor's attack.
Unknown command.
You hit the profane servitor but do no damage.
The profane servitor is lightly damaged.
The profane servitor hits you with a +3 whip!
* * * LOW HITPOINT WARNING * * *
The profane servitor hits you but does no damage. x2
The profane servitor hits you with a +3 whip.
* * * LOW HITPOINT WARNING * * *
Unknown command.
You hit the profane servitor but do no damage.
The profane servitor is lightly damaged.
The profane servitor hits you but does no damage. x2
The profane servitor hits you with a +3 whip!
You die...

.. #. ..###.. .
.#.#.#. ..
...... ...
#.... ....
#.... .....
.##...A##......
.......♣.......
.##....####....
#.... . #.....
....... .....##
..... .....


You could see a profane servitor.

Vanquished Creatures
  Prince Ribbit (D:6)
  Edmund (D:6)
  3 water moccasins
  2 sky beasts (D:7)
  A black bear (D:6)
  3 ogres
  3 centaurs
  A phantom (D:5)
  2 kobold brigands
  2 bullfrogs (D:7)
  4 scorpions
  4 wights
  2 howler monkeys (D:5)
  An electric eel (D:6)
  An orc priest (D:7)
  4 hounds
  A jelly (D:4)
  A gnoll bouda (D:4)
  2 iguanas
  3 orc wizards (D:7)
  9 gnolls
  16 adders
  2 white imps
  An ufetubus (D:4)
  2 worms
  2 dart slugs (D:1)
  12 orcs
  8 ball pythons
  6 endoplasms
  8 giant cockroaches
  4 goblins
  2 hobgoblins
  6 jackals
  3 quokkas
  6 bats
  8 frilled lizards
  20 kobolds
  6 rats
163 creatures vanquished.

Vanquished Creatures (others)
  2 fungi (D:3)
  10 plants
12 creatures vanquished.

Grand Total: 175 creatures vanquished

Notes
Turn   | Place    | Note
-------+----------+-------------------------------------------
     0 | D:1      | Flugkiller the Gargoyle Fighter began the quest for the
                  | Orb.
     0 | D:1      | Reached XP level 1. HP: 14/14 MP: 1/1
    41 | D:1      | Reached XP level 2. HP: 16/19 MP: 2/2
   365 | D:1      | Reached XP level 3. HP: 22/24 MP: 3/3
   743 | D:2      | Reached skill level 4 in Fighting
   764 | D:2      | Reached XP level 4. HP: 29/29 MP: 4/4
   889 | D:2      | Found a shimmering altar of Xom.
  1486 | D:3      | Found a glowing drain.
  1528 | D:3      | Reached XP level 5. HP: 29/34 MP: 5/5
  1532 | Sewer    | Entered a sewer
  1589 | Sewer    | Noticed a water moccasin
  1603 | Sewer    | HP: 1/34 [water moccasin (4)]
  1604 | Sewer    | Killed a water moccasin
  1605 | Sewer    | Reached XP level 6. HP: 2/40 MP: 6/6
  1894 | D:3      | Reached skill level 5 in Fighting
  1907 | D:3      | Found a faded altar of an unknown god.
  2473 | D:4      | You fall into a shaft and drop 2 floors!
  2550 | D:6      | Reached XP level 7. HP: 36/44 MP: 7/7
  2709 | D:6      | Noticed Edmund
  2791 | D:5      | Entered Level 5 of the Dungeon
  3002 | D:4      | Reached skill level 6 in Fighting
  3390 | D:4      | Found a staircase to the Ecumenical Temple.
  3397 | D:4      | Reached skill level 5 in Armour
  3401 | Temple   | Entered the Ecumenical Temple
  3401 | Temple   | Found a transporter.
  3401 | Temple   | Found a transporter.
  3403 | Temple   | Found a transporter.
  3403 | Temple   | Found a transporter.
  3418 | Temple   | Became a worshipper of the Shining One
  3609 | D:5      | Reached skill level 5 in Shields
  3609 | D:5      | Reached XP level 8. HP: 44/52 MP: 8/8
  3643 | D:5      | Reached skill level 1 in Invocations
  3701 | D:4      | Reached skill level 5 in Axes
  4477 | D:5      | Reached skill level 7 in Fighting
  4619 | D:6      | Identified the +4 dagger of Ashenzari's Reproof {flame,
                  | MP+9 Str+5}
  4988 | D:5      | Reached XP level 9. HP: 35/57 MP: 11/11
  5070 | D:6      | Reached * piety under the Shining One
  5155 | D:6      | Killed Edmund
  5239 | D:6      | Found a sacrificial altar of Ru.
  5410 | D:6      | Found a white marble altar of Elyvilon.
  5421 | D:6      | Noticed Prince Ribbit
  5443 | D:6      | Killed Prince Ribbit
  5444 | D:6      | Reached skill level 8 in Fighting
  5466 | D:6      | Found a hide-covered altar of Uskayaw.
  5643 | D:7      | Reached skill level 5 in Invocations
  5902 | Abyss:1  | Cast into level 1 of the Abyss (wight)
  5915 | Abyss:1  | Noticed a profane servitor
  5925 | Abyss:1  | Mangled by a profane servitor

Illustrated notes

Levels and vault maps discovered:
D:1:      dpeg_arrival_shelter, layout_loops_ring
D:2:      layout_basic, basic_altar, serial_bayou_crossing
D:3:      layout_rooms, shapermc_ecumenical_altar_mp_urbaneastern,
          gup_sewer_entry_glass, minmay_hedge_maze
D:4:      layout_rooms, temple_green
D:5:      layout_cave_pods, grunt_ministairs_11, kennysheep_generic_room_7
D:6:      layout_basic, mainiacjoe_overflow_brackets,
          mainiacjoe_overflow_catch_the_wave, st_stairs_7, minmay_lizard_king,
          uniq_prince_ribbit1, uniq_edmund
D:7:      nicolae_cairo_tiling, layout_basic, nicolae_ossuary_entry_catacombs
Temple:   hellmonk_temple_divided_pantheon
Abyss:1:  base: D:5, hangedman_abyss_shoalhut

Skill      XL: |  1  2  3  4  5  6  7  8  9 |
---------------+----------------------------+-----
Axes           | 2 3 4 5 6 |  6.7
Fighting       | 4 5 6 7 8 |  8.5
Armour         | 4 5 6 |  6.3
Shields        | 4 5 6 |  6.3
Invocations    | 3 5 |  5.5

Action                     |  1- 3 |  4- 6 |  7- 9 || total
---------------------------+-------+-------+-------++-------
  Melee: War axe           |    85 |   163 |   262 ||   510
         Trident           |       |       |   132 ||   132
  Throw: Boomerang         |       |       |    10 ||    10
    Use: Scroll            |       |     8 |     7 ||    15
         Potion            |       |     1 |     3 ||     4
 Armour: Scale mail        |    68 |   121 |   263 ||   452
         Skin              |       |       |    16 ||    16
  Dodge: Dodged            |    45 |   112 |   215 ||   372
  Block: Buckler           |    14 |    63 |   109 ||   186
